[Event "Titled Tuesday Blitz September 20 Late 2022"]
[White "Salem, A.R. Saleh"]
[Black "Baskakov, Egor"]
[WhiteFideId "9301348"]
[BlackFideId "24197866"]
[WhiteElo "2628"]
[BlackElo "2211"]
[Result "0-1"]
[Round "02"]
[TimeControl "180+1"]
[Date "2022.09.20"]
[WhiteClock "0:00:03"]
[BlackClock "0:00:05"]

1. d4 Nf6 2. c4 e6 3. Nc3 d5 4. Nxd5 exd5 5. cxd5 Qxd5 6. Nf3 Bb4+ 7. Bd2 Bxd2+ 8. Qxd2 O-O 9. e3 c5 10. dxc5 Qxc5 11. Rc1 Qb6 12. Be2 Nc6 13. O-O Bf5 14. Rc4 Rad8 15. Qc1 Be6 16. Rf4 Bxa2 17. Nh4 Ne5 18. Nf5 Ng6 19. Ra4 Be6 20. Nd4 a6 21. h3 Rc8 22. Qa1 Rfd8 23. f4 Ne7 24. Qa3 Nf5 25. Rb4 Qa7 26. Nxe6 fxe6 27. Rf3 Rd2 28. Qb3 Nd5 29. Rxb7 Qc5 30. Rf2 Qxe3 31. Qxe3 Nfxe3 32. Bh5 Rxf2 33. Kxf2 g6 34. Bf3 Rc2+ 35. Kg3 Nf5+ 36. Kg4 h6 37. h4 Nf6+ 38. Kh3 h5 39. Rb6 Kf7 40. Rb7+ Ke8 41. Rb6 Ke7 42. Rb7+ Nd7 43. g4 Nd6 44. Ra7 hxg4+ 45. Kxg4 Rc4 46. Kg5 Nb5 47. Rxa6 Nd4 48. Bg4 Nc2 49. Rxe6+ Kf8 50. Rxg6 Nc5 51. Bf5 Ne3 52. Rf6+ Ke8 53. Rc6 Ke7 54. Rh6 Rc1 55. Rh7+ Kd6 56. Bg6 Rg1+ 57. Kh6 Ne6 58. Rh8 Ng4+ 59. Kh7 Nf6+ 60. Kh6 Nxf4 61. Bf5 Ke5 62. Bc8 Rg6# 0-1


[Site "https://www.chess.com"]

[Event "Titled Tuesday Blitz September 20 Late 2022"]
[White "Shimanov, Aleksandr"]
[Black "Suder, Jakub"]
[WhiteFideId "4198603"]
[BlackFideId "1195310"]
[WhiteElo "2605"]
[BlackElo "2174"]
[Result "1-0"]
[Round "02"]
[TimeControl "180+1"]
[Date "2022.09.20"]
[WhiteClock "0:02:15"]
[BlackClock "0:01:45"]

1. e4 c5 2. Nf3 e6 3. g3 Nc6 4. Bg2 Nf6 5. d3 d5 6. Qe2 Be7 7. e5 Nd7 8. c4 dxc4 9. dxc4 Qc7 10. Bf4 h6 11. h4 Nf8 12. g4 Ng6 13. Bg3 h5 14. g5 Nd4 15. Nxd4 cxd4 16. Nd2 Bb4 17. O-O Bxd2 18. Qxd2 Ne7 19. Qxd4 Nf5 20. Qf4 g6 21. Rfd1 Bd7 22. Rd6 Bc6 23. Bh3 Nxd6 24. exd6 Qd7 25. Qf6 Rf8 26. Re1 1-0


[Site "https://www.chess.com"]

[Event "Titled Tuesday Blitz September 20 Late 2022"]
[White "Souleidis, Georgios"]
[Black "Khlebovich, Alexander"]
[WhiteFideId "4206827"]
[BlackFideId "4169123"]
[WhiteElo "2401"]
[BlackElo "2355"]
[Result "1-0"]
[Round "02"]
[TimeControl "180+1"]
[Date "2022.09.20"]
[WhiteClock "0:00:39"]
[BlackClock "0:00:28"]

1. e4 c5 2. Be2 Nc6 3. d3 g6 4. f4 Bg7 5. Nf3 d6 6. O-O Nf6 7. c3 O-O 8. Kh1 b5 9. a3 Rb8 10. Be3 a5 11. Nbd2 b4 12. d4 bxc3 13. bxc3 cxd4 14. cxd4 e6 15. Rc1 Bb7 16. Bd3 Qe7 17. Qa4 Rfc8 18. Rc2 Qd8 19. Rfc1 Ne7 20. h3 Rxc2 21. Rxc2 Nd7 22. Nb3 Ra8 23. Nbd2 h6 24. Kh2 f5 25. Qb3 fxe4 26. Qxe6+ Kh7 27. Bxe4 Nf8 28. Qf7 Bc8 29. d5 Ra7 30. Bxa7 1-0


[Site "https://www.chess.com"]

[Event "Titled Tuesday Blitz September 20 Late 2022"]
[White "Stoyanov, Tsvetan"]
[Black "Melkumyan, Hrant"]
[WhiteFideId "2917173"]
[BlackFideId "13302485"]
[WhiteElo "2283"]
[BlackElo "2604"]
[Result "0-1"]
[Round "02"]
[TimeControl "180+1"]
[Date "2022.09.20"]
[WhiteClock "0:00:04"]
[BlackClock "0:00:51"]

1. e4 c6 2. d4 d5 3. Nc3 dxe4 4. Nxe4 Nf6 5. Nxf6+ exf6 6. c3 Bd6 7. Bd3 O-O 8. Qc2 Re8+ 9. Ne2 h5 10. Be3 Nd7 11. O-O-O Nf8 12. c4 b5 13. c5 Bc7 14. d5 cxd5 15. Bxb5 Rxe3 16. fxe3 Rb8 17. Ba4 Qe7 18. Qc3 Bg4 19. Nd4 Bxd1 20. Rxd1 Qe4 21. Bc2 Qxg2 22. Qa3 a5 23. Nc6 Re8 24. Qd3 Qxh2 25. Qxd5 Rxe3 26. Nd4 g6 27. Bb3 Re7 28. Nc6 Rd7 29. Qc4 Qf4+ 30. Qxf4 Bxf4+ 31. Kc2 Rc7 32. Bd5 Ne6 33. Bxe6 Rxc6 34. Rd8+ Kg7 35. Bc4 Rxc5 36. b3 Rc7 37. Kd3 h4 38. Ke2 h3 39. Kf3 h2 40. Rd1 Be5 41. Ke4 Rc5 42. Bd3 f5+ 43. Kf3 Rc3 44. Ke2 Kf6 45. Bc4 f4 46. Bd5 g5 47. Be4 g4 0-1


[Site "https://www.chess.com"]

[Event "Titled Tuesday Blitz September 20 Late 2022"]
[White "Taichman, Ori"]
[Black "Bluebaum, Matthias"]
[WhiteFideId "2804069"]
[BlackFideId "24651516"]
[WhiteElo "2227"]
[BlackElo "2633"]
[Result "0-1"]
[Round "02"]
[TimeControl "180+1"]
[Date "2022.09.20"]
[WhiteClock "0:01:26"]
[BlackClock "0:02:02"]

1. e4 e6 2. d4 d5 3. Nc3 Nf6 4. Bg5 dxe4 5. Nxe4 Be7 6. Bxf6 gxf6 7. Nf3 f5 8. Nc3 a6 9. Bd3 c5 10. d5 Bf6 11. dxe6 Bxe6 12. a4 O-O 13. Qd2 Nc6 14. Qh6 Bg7 15. Qh5 Qf6 16. g4 Qg6 17. Bxf5 Qxh5 18. gxh5 Bxf5 19. O-O-O Nb4 20. Rhg1 Kh8 21. Nd5 Bh6+ 22. Ng5 f6 23. f4 fxg5 24. fxg5 Bg7 25. h6 Be5 26. Nxb4 cxb4 27. Rd5 Bf4+ 28. Kb1 b3 0-1


[Site "https://www.chess.com"]

[Event "Titled Tuesday Blitz September 20 Late 2022"]
[White "Tiglon, Bryce"]
[Black "Ribeiro, Matheus Mendes Domingues"]
[WhiteFideId "2087456"]
[BlackFideId "324226923"]
[WhiteElo "2777"]
[BlackElo "2047"]
[Result "1-0"]
[Round "02"]
[TimeControl "180+1"]
[Date "2022.09.20"]
[WhiteClock "0:00:08"]
[BlackClock "0:00:03"]

1. Nf3 d5 2. g3 e6 3. Bg2 Nf6 4. c4 d4 5. O-O c5 6. e3 Nc6 7. exd4 cxd4 8. d3 Bd6 9. Na3 O-O 10. Nc2 e5 11. b4 Bf5 12. b5 Ne7 13. Re1 Qc7 14. a4 Ng6 15. Bg5 Rfe8 16. Bxf6 gxf6 17. Rb1 Bc5 18. Rb3 Rad8 19. Nd2 Qa5 20. Rb1 Bxd3 21. Ne4 Bxe4 22. Bxe4 d3 23. Ne3 Rd4 24. Nd5 Kg7 25. Qf3 Re6 26. Bxd3 e4 27. Rxe4 Rexe4 28. Bxe4 Qd8 29. Ne3 Kg8 30. Bd5 Rd2 31. Ng4 Kg7 32. Rd1 Rxd1+ 33. Qxd1 h5 34. Ne3 Bxe3 35. fxe3 Qe7 36. Qd4 b6 37. Bf3 Qb4 38. Bxh5 Qb1+ 39. Kg2 Qc2+ 40. Kg1 Qb1+ 41. Bd1 Qa2 42. Bf3 Ne5 43. Qe4 Qb1+ 44. Qxb1 Nxf3+ 45. Kf2 Ne5 46. Qe4 Ng6 47. h4 Ne5 48. g4 Kf8 49. g5 Nd7 50. gxf6 Nxf6 51. Qa8+ Kg7 52. Qxa7 Ne4+ 53. Kg1 1-0


[Site "https://www.chess.com"]

[Event "Titled Tuesday Blitz September 20 Late 2022"]
[White "Tillyaev, Ulugbek"]
[Black "Muradli, Mahammad"]
[WhiteFideId "14202441"]
[BlackFideId "13409301"]
[WhiteElo "2377"]
[BlackElo "2611"]
[Result "0-1"]
[Round "02"]
[TimeControl "180+1"]
[Date "2022.09.20"]
[WhiteClock "0:00:27"]
[BlackClock "0:00:15"]

1. e4 c5 2. d4 cxd4 3. c3 d3 4. c4 Nc6 5. Bxd3 g6 6. Nc3 Bg7 7. Nf3 d6 8. h3 Nf6 9. O-O O-O 10. Bg5 Nd7 11. Qd2 Nde5 12. Nxe5 dxe5 13. Rad1 Be6 14. Nd5 Rc8 15. b3 Re8 16. Bb1 Nd4 17. f4 Bxd5 18. exd5 Qb6 19. Kh1 exf4 20. Bxf4 e5 21. dxe6 Rxe6 22. Qf2 Rce8 23. Bh2 R6e7 24. Bg1 Ne2 25. Qxb6 Ng3+ 26. Kh2 Nxf1+ 27. Rxf1 axb6 28. Bxb6 Re1 29. Bd3 Rxf1 30. Bxf1 Re1 31. Bd3 Be5+ 32. g3 Rd1 33. Be4 Rd2+ 34. Kg1 Rxa2 35. Bxb7 Rb2 36. Bd5 Rxb3 37. c5 Rxg3+ 38. Kf1 Rxh3 39. c6 Rc3 40. Ke2 h5 41. Kd2 h4 42. Bc7 Rc5 43. Bxe5 Rxd5+ 44. Kc3 Rxe5 45. Kd4 Re6 0-1


[Site "https://www.chess.com"]

[Event "Titled Tuesday Blitz September 20 Late 2022"]
[White "Vasquez Schroeder, Rodrigo"]
[Black "Mortazavi, Ali"]
[WhiteFideId "3400042"]
[BlackFideId "401323"]
[WhiteElo "2577"]
[BlackElo "2339"]
[Result "1-0"]
[Round "02"]
[TimeControl "180+1"]
[Date "2022.09.20"]
[WhiteClock "0:00:21"]
[BlackClock "0:00:02"]

1. d4 Nf6 2. Nf3 g6 3. c4 Bg7 4. g3 O-O 5. Bg2 d6 6. O-O Nbd7 7. Nc3 e5 8. e4 c6 9. Be3 a6 10. Qc2 exd4 11. Nxd4 Ng4 12. Qd2 Nxe3 13. Qxe3 Qb6 14. Rfd1 Re8 15. Rab1 a5 16. Qd2 h5 17. b3 h4 18. Nde2 hxg3 19. hxg3 Ne5 20. Na4 Qa7 21. Qf4 Bg4 22. Rd2 Kh7 23. Rc2 Bh6 24. Qf6 Re6 25. Qh4 Nf3+ 26. Bxf3 Bxf3 27. Nac3 Kg7 28. Nf4 Rf6 29. Ng2 Rh8 30. Qh3 b6 31. g4 Bg5 32. Qg3 Qd7 33. e5 dxe5 34. Qxe5 Qxg4 35. Qg3 Qxg3 36. fxg3 Re8 37. Rf1 Bxg2 38. Kxg2 Rxf1 39. Kxf1 Re3 40. Kf2 Re6 41. Ne2 Bf6 42. Nf4 Rd6 43. Re2 Bd4+ 44. Kf3 g5 45. Nh5+ Kg6 46. g4 f5 47. Re7 Bf6 48. gxf5+ Kxf5 49. Ng3+ Kg6 50. Rb7 Bd4 51. Ne4 Re6 52. Rd7 c5 53. Rd5 Bf6 54. Nd6 Be7 55. Ne4 Bf6 56. Nf2 Bd4 57. Ng4 Re1 58. Rd6+ Kf5 59. Nh6+ Ke5 60. Nf7+ Kf5 61. Rd5+ Ke6 62. Nxg5+ Ke7 63. Ne4 Re3+ 64. Kf4 Re2 65. Nd6 Rxa2 66. Nf5+ Ke6 67. Rd6+ Kf7 68. Rxb6 Ra3 69. Ke4 Bg1 70. Nd6+ Ke6 71. Nb5+ Kd7 72. Nxa3 1-0


[Site "https://www.chess.com"]

[Event "Titled Tuesday Blitz September 20 Late 2022"]
[White "Winterberg, Lukas"]
[Black "Yanchenko, Roman"]
[WhiteFideId "24622702"]
[BlackFideId "4137329"]
[WhiteElo "2349"]
[BlackElo "2514"]
[Result "1-0"]
[Round "02"]
[TimeControl "180+1"]
[Date "2022.09.20"]
[WhiteClock "0:01:13"]
[BlackClock "0:00:42"]

1. d4 d5 2. Nf3 Bf5 3. c4 c6 4. Nc3 e6 5. Qb3 Qb6 6. c5 Qc7 7. Bf4 Qc8 8. e3 Nd7 9. h3 Ngf6 10. Qd1 Be7 11. Be2 Bd8 12. O-O Bc7 13. b4 a6 14. a4 Ne4 15. Nxe4 Bxe4 16. Bxc7 Qxc7 17. b5 Bxf3 18. bxc6 bxc6 19. Bxf3 O-O 20. Qd2 e5 21. Rab1 f5 22. Be2 f4 23. Bg4 fxe3 24. fxe3 Nf6 25. Bf5 g6 26. Bd3 Nh5 27. Rxf8+ Rxf8 28. Bxa6 Ra8 29. Rb6 Ng3 30. a5 exd4 31. exd4 Nf5 32. Bb7 Re8 33. Bxc6 Rd8 34. Qg5 Rf8 35. Bxd5+ Kh8 36. Rf6 Rb8 37. Rxf5 gxf5 38. Qf6+ Qg7 39. Qxg7+ Kxg7 40. a6 Rb1+ 41. Kf2 Ra1 42. c6 1-0


[Site "https://www.chess.com"]

[Event "Titled Tuesday Blitz September 20 Late 2022"]
[White "Xiong, Jeffery"]
[Black "Navarrete Mendez, Gonzalo Alberto"]
[WhiteFideId "2047640"]
[BlackFideId "5106850"]
[WhiteElo "2714"]
[BlackElo "2261"]
[Result "1-0"]
[Round "02"]
[TimeControl "180+1"]
[Date "2022.09.20"]
[WhiteClock "0:00:18"]
[BlackClock "0:00:09"]

1. e4 e5 2. Nf3 Nc6 3. Nc3 Nf6 4. d4 exd4 5. Nxd4 Bb4 6. Nxc6 bxc6 7. Bd3 d5 8. exd5 O-O 9. O-O cxd5 10. h3 Be6 11. Qf3 c5 12. Rd1 h6 13. Ne2 Qe7 14. c3 Ba5 15. Nf4 Bc7 16. Re1 Qd6 17. Bd2 Rfe8 18. Rad1 Rab8 19. Bc1 g5 20. g3 Bd7 21. Rxe8+ Rxe8 22. Nxd5 Nxd5 23. Bc4 Qf6 24. Bxd5 Qxf3 25. Bxf3 Bxh3 26. Kh2 Be6 27. Be3 Bb6 28. b3 c4 29. Bxb6 axb6 30. b4 Kg7 31. a4 Re7 32. Rd6 Ra7 33. Bd1 Rb7 34. Bf3 Ra7 35. Bd1 Rb7 36. f4 Kf6 37. Kg1 Ke7 38. Rc6 Kd7 39. b5 Ke7 40. Be2 gxf4 41. gxf4 h5 42. Bxh5 Ra7 43. Bd1 Rd7 44. Be2 Rd6 45. Rc7+ Kf6 46. Bxc4 Kf5 47. Bxe6+ fxe6 48. Rc6 Rd3 49. Rxb6 Kxf4 50. Rxe6 Rxc3 51. b6 Kg3 52. Kf1 Rb3 53. a5 Rb5 54. a6 Rxb6 55. Rxb6 1-0


[Site "https://www.chess.com"]

[Event "Titled Tuesday Blitz September 20 Late 2022"]
[White "Zhigalko, Sergei"]
[Black "Lewtak, Damian"]
[WhiteFideId "13502956"]
[BlackFideId "1141724"]
[WhiteElo "2662"]
[BlackElo "2329"]
[Result "1-0"]
[Round "02"]
[TimeControl "180+1"]
[Date "2022.09.20"]
[WhiteClock "0:00:12"]
[BlackClock "0:00:12"]

1. e4 e6 2. d4 d5 3. e5 c5 4. c3 Nc6 5. Nf3 Qb6 6. a3 c4 7. Nbd2 Na5 8. Be2 Bd7 9. O-O Ne7 10. h4 O-O-O 11. h5 h6 12. Qe1 Kb8 13. Bd1 Ka8 14. Bc2 Nf5 15. g4 Ne7 16. Nh4 g6 17. hxg6 fxg6 18. f4 g5 19. fxg5 hxg5 20. Ng2 Be8 21. Nf3 Bh6 22. Rb1 Nb3 23. Bxg5 Bxg5 24. Nxg5 Nxd4 25. cxd4 Qxd4+ 26. Qe3 Qxg4 27. Bd1 d4 28. Bxg4 dxe3 29. Nxe6 Rd2 30. Nc7+ Kb8 31. Nxe8 Rxe8 32. Nxe3 Rg8 33. Rf2 Rd3 34. Re1 Nd5 35. Nxd5 Rxg4+ 36. Rg2 Rxg2+ 37. Kxg2 Rxd5 38. e6 Rd8 39. Kf3 Kc7 40. Kf4 Kd6 41. Rd1+ Ke7 42. Rxd8 Kxd8 43. Ke5 Ke7 44. a4 b6 45. Kd5 a6 46. Kc6 b5 47. axb5 a5 48. Kd5 a4 49. Kxc4 Kxe6 50. Kb4 Kd7 51. Kxa4 Kc7 52. Ka5 Kb7 53. b6 Kb8 54. Ka6 Ka8 55. b7+ Kb8 56. b3 Kc7 57. Ka7 Kc6 58. b8=Q Kc5 59. b4+ Kc6 60. b5+ Kc5 61. b6 Kb5 62. b7 Ka5 63. Qc8 Kb5 64. b8=Q+ Ka5 65. Qa6# 1-0


[Site "https://www.chess.com"]

[Event "Titled Tuesday Blitz September 20 Late 2022"]
[White "Zierk, Steven"]
[Black "Melikyan, Gnel"]
[WhiteFideId "2034255"]
[BlackFideId "54109990"]
[WhiteElo "2494"]
[BlackElo "1772"]
[Result "0-1"]
[Round "02"]
[TimeControl "180+1"]
[Date "2022.09.20"]
[WhiteClock "0:00:16"]
[BlackClock "0:00:13"]

1. e4 c5 2. Nf3 Nc6 3. Bb5 e6 4. O-O Nge7 5. Re1 a6 6. Bf1 d5 7. exd5 Nxd5 8. d4 Nf6 9. Be3 cxd4 10. Nxd4 Bd7 11. c4 Nxd4 12. Bxd4 Bc6 13. Nc3 Be7 14. Qd2 O-O 15. Rad1 Qc7 16. Be5 Qb6 17. Qf4 Nd7 18. Bd4 Bc5 19. Bxc5 Qxc5 20. a3 Rfd8 21. b4 Qh5 22. b5 axb5 23. cxb5 Bd5 24. Nxd5 exd5 25. Re7 Nf6 26. Rde1 d4 27. Rxb7 d3 28. Qd2 Qd5 29. Ree7 Ne4 30. Qf4 Nd6 31. Rbd7 d2 32. Qxd6 Qxd6 33. Re8+ Qf8 34. Rd6 Qxe8 0-1


[Site "https://www.chess.com"]

[Event "Titled Tuesday Blitz September 20 Late 2022"]
[White "Andreikin, Dmitry"]
[Black "Tiglon, Bryce"]
[WhiteFideId "4158814"]
[BlackFideId "2087456"]
[WhiteElo "2736"]
[BlackElo "2781"]
[Result "1-0"]
[Round "03"]
[TimeControl "180+1"]
[Date "2022.09.20"]
[WhiteClock "0:00:42"]
[BlackClock "0:00:02"]

1. e4 e6 2. d4 d5 3. Nc3 Nf6 4. e5 Nfd7 5. f4 c5 6. Nf3 Nc6 7. Be3 cxd4 8. Nxd4 Qb6 9. Qd2 Qxb2 10. Rb1 Qa3 11. Bb5 Nxd4 12. Bxd4 a6 13. Bxd7+ Bxd7 14. Rb3 Qe7 15. Rxb7 Rc8 16. O-O Qd8 17. Kh1 Bc5 18. f5 exf5 19. e6 fxe6 20. Bxg7 Rg8 21. Qh6 Qe7 22. Bf6 Qf7 23. Be5 Qg6 24. Qh3 Qg4 25. Qxg4 Rxg4 26. h3 Rc4 27. Ne2 d4 28. Rd1 Rxc2 29. Nxd4 Bxd4 30. Rxd4 Bc6 31. Rg7 Bxg2+ 32. Rxg2 Rxg2 33. Kxg2 Rc2+ 34. Kg3 Rxa2 35. Rd6 Ke7 36. Rb6 Re2 37. Rb7+ Kf8 38. Bf6 h5 39. Kh4 Re3 40. Kxh5 Rxh3+ 41. Kg6 Rg3+ 42. Bg5 Ke8 43. Re7+ Kd8 44. Rxe6+ Kd7 45. Rxa6 f4 46. Rf6 f3 47. Kh5 Ke8 48. Bh4 Rh3 49. Kg4 Rh1 50. Bf2 Kd7 51. Kf4 Rb1 52. Ke4 Rb5 53. Bd4 Rh5 54. Be5 Rh4+ 55. Kd5 Rh7 56. Rxf3 Kc8 57. Kc6 Kd8 58. Bd6 1-0


[Site "https://www.chess.com"]

[Event "Titled Tuesday Blitz September 20 Late 2022"]
[White "Bashirli, Nail"]
[Black "Szente Varga, Fruzsina"]
[WhiteFideId "13406809"]
[BlackFideId "712264"]
[WhiteElo "2333"]
[BlackElo "1994"]
[Result "1-0"]
[Round "03"]
[TimeControl "180+1"]
[Date "2022.09.20"]
[WhiteClock "0:00:23"]
[BlackClock "0:00:13"]

1. e4 e6 2. Qe2 c5 3. Nf3 Nc6 4. c3 Be7 5. g3 d5 6. d3 Nf6 7. Bg2 O-O 8. O-O dxe4 9. dxe4 e5 10. Bg5 Be6 11. Na3 a6 12. Nc4 Qc7 13. Bxf6 Bxf6 14. Ne3 Ne7 15. h4 h6 16. Kh2 g6 17. Rfd1 Rad8 18. Bh3 Bxh3 19. Kxh3 Bg7 20. c4 f5 21. Nd5 Nxd5 22. Rxd5 Rxd5 23. cxd5 Qd7 24. Kg2 f4 25. Nd2 g5 26. hxg5 hxg5 27. Qh5 Bf6 28. Rh1 Qg7 29. gxf4 exf4 30. Nc4 f3+ 31. Qxf3 Bd4 32. Qg4 Rxf2+ 33. Kg3 Qf6 34. Qc8+ Qf8 35. Qxf8+ Rxf8 36. Rh5 Bf2+ 37. Kg2 Bh4 38. d6 Kg7 39. Ne5 Re8 40. d7 Rd8 41. Kf3 Kf6 42. Nd3 Kg6 43. Kg4 Rxd7 44. Ne5+ Kg7 45. Nxd7 c4 46. e5 b5 47. e6 b4 48. e7 Kf7 49. Rh7+ Ke8 50. Nf6# 1-0


[Site "https://www.chess.com"]

[Event "Titled Tuesday Blitz September 20 Late 2022"]
[White "Bayo Milagro, Alvaro"]
[Black "Kamsky, Gata"]
[WhiteFideId "22275240"]
[BlackFideId "2000024"]
[WhiteElo "2270"]
[BlackElo "2666"]
[Result "0-1"]
[Round "03"]
[TimeControl "180+1"]
[Date "2022.09.20"]
[WhiteClock "0:00:19"]
[BlackClock "0:01:00"]

1. e4 c5 2. Nf3 e6 3. d4 cxd4 4. Nxd4 a6 5. Be2 b6 6. O-O Bb7 7. Nc3 Qc7 8. Qd3 Nf6 9. Bg5 Be7 10. f4 d6 11. Bf3 Nbd7 12. Rae1 O-O 13. Kh1 Rad8 14. Qe2 h6 15. Bh4 Rfe8 16. e5 dxe5 17. fxe5 Qxe5 18. Qc4 Qc5 19. Qxc5 Nxc5 20. Bxb7 Rxd4 21. Bf2 Rd2 22. Bxc5 Bxc5 23. Bxa6 Rxc2 24. Re2 Rxe2 25. Bxe2 Bd4 26. Nb5 Bxb2 27. Rb1 Be5 28. Na3 Bd4 29. Nc4 Ra8 30. a3 g5 31. g3 Kg7 32. Kg2 g4 33. Rd1 Bc5 34. Rd7 Nxd7 0-1


[Site "https://www.chess.com"]

[Event "Titled Tuesday Blitz September 20 Late 2022"]
[White "Bjelobrk, Igor"]
[Black "Kollars, Dmitrij"]
[WhiteFideId "4300726"]
[BlackFideId "12909572"]
[WhiteElo "2335"]
[BlackElo "2584"]
[Result "0-1"]
[Round "03"]
[TimeControl "180+1"]
[Date "2022.09.20"]
[WhiteClock "0:00:06"]
[BlackClock "0:01:12"]

1. Nf3 d5 2. g3 Bg4 3. Bg2 c6 4. c4 Nf6 5. cxd5 cxd5 6. O-O Nc6 7. d3 e5 8. Nc3 h6 9. h3 Be6 10. e4 d4 11. Ne2 Qd7 12. Kh2 g5 13. Ne1 Bd6 14. a3 O-O-O 15. b4 Kb8 16. Bd2 Ne7 17. Nc1 Rc8 18. Nb3 Qa4 19. Rb1 Qxa3 20. Nc5 Bxc5 21. bxc5 Qxc5 22. Bb4 Qc7 23. Nf3 Nc6 24. Bc5 Nd7 25. Ba3 f6 26. Qe2 h5 27. Qb2 Nb6 28. Rfc1 Na4 29. Qb5 Nc3 30. Rxc3 dxc3 31. Bd6 Ka8 32. Bxc7 Rxc7 33. Rc1 g4 34. Nh4 Nd4 35. Qa5 Rhc8 36. Ra1 a6 37. Qb6 Rc6 38. Qb1 c2 39. Qg1 c1=Q 40. Rxc1 Rxc1 41. Bf1 Re1 0-1


[Site "https://www.chess.com"]

[Event "Titled Tuesday Blitz September 20 Late 2022"]
[White "Bluebaum, Matthias"]
[Black "Bazeev, German"]
[WhiteFideId "24651516"]
[BlackFideId "24119350"]
[WhiteElo "2633"]
[BlackElo "2493"]
[Result "1-0"]
[Round "03"]
[TimeControl "180+1"]
[Date "2022.09.20"]
[WhiteClock "0:02:50"]
[BlackClock "0:01:51"]

1. d4 Nf6 2. c4 e6 3. Nc3 Bb4 4. e3 O-O 5. Bd2 c5 6. a3 Bxc3 7. Bxc3 Ne4 8. Ne2 d6 9. dxc5 Nxc3 10. Nxc3 dxc5 11. Qc2 Nc6 12. Bd3 h6 13. O-O-O Qe7 14. f4 b6 15. g4 Bb7 16. Rhg1 Rad8 17. g5 h5 18. g6 f5 19. Rg5 Rf6 20. Qe2 1-0


[Site "https://www.chess.com"]

[Event "Titled Tuesday Blitz September 20 Late 2022"]
[White "Bok, Benjamin"]
[Black "Lizak, Peter"]
[WhiteFideId "1017063"]
[BlackFideId "731595"]
[WhiteElo "2658"]
[BlackElo "2420"]
[Result "1-0"]
[Round "03"]
[TimeControl "180+1"]
[Date "2022.09.20"]
[WhiteClock "0:00:15"]
[BlackClock "0:00:07"]

1. d4 Nf6 2. c4 c5 3. Nf3 cxd4 4. Nxd4 e5 5. Nb5 d6 6. Bg5 Be6 7. e3 a6 8. Bxf6 Qa5+ 9. N5c3 gxf6 10. Be2 f5 11. O-O Nd7 12. e4 f4 13. Nd2 h5 14. Nd5 h4 15. Bg4 Rc8 16. b4 Qd8 17. Rc1 Qg5 18. h3 Bxg4 19. Qxg4 Qxg4 20. hxg4 Bh6 21. f3 Bg5 22. Kf2 Bd8 23. Rh1 Nb6 24. Ke2 Nxd5 25. exd5 Kd7 26. c5 a5 27. a3 axb4 28. axb4 Ra8 29. Ra1 Rxa1 30. Rxa1 h3 31. gxh3 Rxh3 32. Ra7 Rh2+ 33. Kd3 dxc5 34. bxc5 Kc8 35. Ra8+ Kd7 36. Nc4 Bc7 37. d6 Rf2 38. Nxe5+ 1-0


[Site "https://www.chess.com"]

[Event "Titled Tuesday Blitz September 20 Late 2022"]
[White "Bortnyk, Mykola"]
[Black "Vlassov, Nikolai"]
[WhiteFideId "14120836"]
[BlackFideId "4103360"]
[WhiteElo "2582"]
[BlackElo "2324"]
[Result "1-0"]
[Round "03"]
[TimeControl "180+1"]
[Date "2022.09.20"]
[WhiteClock "0:00:03"]
[BlackClock "0:00:01"]

1. e4 c5 2. c3 Nf6 3. e5 Nd5 4. Nf3 d6 5. Bc4 dxe5 6. Nxe5 e6 7. Qf3 Qf6 8. Qxf6 gxf6 9. Bxd5 exd5 10. Nf3 Bg4 11. d3 Bxf3 12. gxf3 Nc6 13. Bf4 Kd7 14. Rg1 Bd6 15. Bxd6 Kxd6 16. f4 Rhg8 17. Rg3 Ne7 18. Nd2 Nf5 19. Rxg8 Rxg8 20. Ke2 Rg2 21. Rh1 h5 22. h3 b5 23. Kf1 Rg8 24. Ke2 Re8+ 25. Kd1 a5 26. Rg1 c4 27. dxc4 bxc4 28. Nf1 Re4 29. Ng3 Rxf4 30. Nxf5+ Rxf5 31. Ke2 Re5+ 32. Kf3 Re8 33. Rg7 Ke6 34. Rg1 Rb8 35. Rb1 Kf5 36. Rd1 Ke5 37. Rb1 d4 38. cxd4+ Kxd4 39. Rd1+ Kc5 40. Rd2 a4 41. Ke4 Re8+ 42. Kf5 a3 43. Kxf6 axb2 44. Rxb2 c3 45. Rb1 Re2 46. f4 Rf2 47. f5 Kc4 48. Rb7 c2 49. Rxf7 Kd3 50. Rc7 Rh2 51. a4 Rxh3 52. a5 Kd2 53. a6 Rc3 54. Rxc3 Kxc3 55. a7 c1=Q 56. a8=Q Qh6+ 57. Ke5 Qe3+ 58. Qe4 Qc5+ 59. Kf4 h4 60. Qe3+ Kc4 61. f6 Qd6+ 62. Kf5 Qd5+ 63. Kg6 Qg8+ 64. Kf5 h3 65. Qe4+ Kc3 66. Qe3+ Kb2 67. Qe2+ Kb3 68. Qd1+ Kb2 69. Qh1 Qh7+ 70. Kg5 h2 71. Qg2+ Kc3 72. Qg3+ Kd4 73. Qf4+ Kd5 74. Qf3+ Ke6 75. Qb3+ 1-0


[Site "https://www.chess.com"]

[Event "Titled Tuesday Blitz September 20 Late 2022"]
[White "Bortnyk, Olexandr"]
[Black "Papasimakopoulos, Alexandros"]
[WhiteFideId "14120828"]
[BlackFideId "4244125"]
[WhiteElo "2723"]
[BlackElo "2357"]
[Result "1/2-1/2"]
[Round "03"]
[TimeControl "180+1"]
[Date "2022.09.20"]
[WhiteClock "0:00:21"]
[BlackClock "0:00:34"]

1. e4 e6 2. d4 d5 3. Nc3 Bb4 4. Qd3 dxe4 5. Qxe4 Nf6 6. Qh4 Nc6 7. Nf3 Ne7 8. Bg5 Nf5 9. Qf4 h6 10. Bxf6 Qxf6 11. Qxc7 O-O 12. Qe5 Bxc3+ 13. bxc3 Qe7 14. Bd3 Qa3 15. O-O Qxc3 16. Rab1 b6 17. Be4 Ba6 18. Rfe1 Rac8 19. h4 Qc7 20. Bxf5 Qxe5 21. Rxe5 exf5 22. Re7 Rxc2 23. Rxa7 Rxa2 24. Rxb6 Bc4 25. Rc7 Bd5 26. Ne5 Rd2 27. Rd6 Rd1+ 28. Kh2 Rxd4 29. Rcd7 Rxh4+ 30. Kg3 Re4 31. Rxd5 f6 32. Ng6 Rg4+ 33. Kh2 Rxg6 34. Rxf5 Rf7 35. Rd8+ Kh7 36. Rc5 Rg4 37. f3 Ra4 38. Rc2 Rfa7 39. Rdd2 h5 40. Rc5 g5 41. Rc6 R4a6 42. Rdd6 Rxc6 43. Rxc6 Kg6 44. Rc5 h4 45. Rb5 Re7 46. Rc5 Re5 47. Rc6 Kf5 48. Rb6 Re6 49. Rb5+ Kf4 50. Rb1 Rd6 51. Rb4+ Ke5 52. Rb5+ Kd4 53. Rb3 Kc4 54. Ra3 Re6 55. Ra5 Kd3 56. Ra3+ Ke2 57. Ra2+ Kf1 58. Ra1+ Re1 59. Ra6 Re2 60. Ra1+ Kf2 61. Ra6 Kf1 62. Ra1+ Kf2 63. Ra6 Kf1 1/2-1/2


[Site "https://www.chess.com"]

[Event "Titled Tuesday Blitz September 20 Late 2022"]
[White "Bykhovsky, Anatoly"]
[Black "Janaszak, Dawid"]
[WhiteFideId "2806991"]
[BlackFideId "1119206"]
[WhiteElo "2540"]
[BlackElo "2165"]
[Result "1-0"]
[Round "03"]
[TimeControl "180+1"]
[Date "2022.09.20"]
[WhiteClock "0:02:02"]
[BlackClock "0:00:01"]

1. d4 Nf6 2. c4 g6 3. Nc3 Bg7 4. Nf3 O-O 5. Bg5 h6 6. Bh4 c5 7. d5 g5 8. Bg3 d6 9. Nd2 e6 10. e4 Re8 11. Be2 exd5 12. cxd5 a6 13. a4 Nbd7 14. Bxd6 Ne5 15. Bxc5 Bg4 16. f3 Bh5 17. O-O Rc8 18. Bf2 Nfd7 19. Rc1 Qa5 20. Re1 Nc5 21. Nb3 Nxb3 22. Qxb3 g4 23. Bb6 Nxf3+ 24. gxf3 gxf3 25. Bxa5 Bd4+ 26. Kh1 fxe2 27. Nxe2 Bf2 28. Rxc8 Rxc8 29. Rf1 Ba7 30. Qg3+ Bg6 31. Nf4 1-0


[Site "https://www.chess.com"]

[Event "Titled Tuesday Blitz September 20 Late 2022"]
[White "Caruana, Fabiano"]
[Black "Ilkhomi, Jaloliddin"]
[WhiteFideId "2020009"]
[BlackFideId "14700948"]
[WhiteElo "2847"]
[BlackElo "1440"]
[Result "1-0"]
[Round "03"]
[TimeControl "180+1"]
[Date "2022.09.20"]
[WhiteClock "0:01:18"]
[BlackClock "0:00:02"]

1. e4 e6 2. Nc3 d5 3. d4 Bb4 4. exd5 exd5 5. Bd3 Ne7 6. Ne2 O-O 7. O-O Nbc6 8. a3 Bxc3 9. bxc3 Bf5 10. Rb1 Rb8 11. Bf4 Qd7 12. h3 Rfe8 13. Qd2 Bxd3 14. cxd3 Ng6 15. Bh2 b6 16. Rfe1 Re7 17. Ng3 Rbe8 18. Nf1 Nd8 19. Rxe7 Qxe7 20. Ne3 c6 21. a4 Qg5 22. Nf1 Qf6 23. Re1 Ne6 24. Bg3 h5 25. Nh2 Re7 26. Nf3 h4 27. Be5 Nxe5 28. Rxe5 Kf8 29. Qe3 Nd8 30. c4 dxc4 31. dxc4 Rxe5 32. Nxe5 Qe6 33. Qg5 f6 34. Qxh4 Qxc4 35. Nxc4 1-0


[Site "https://www.chess.com"]